 Dungeon Crawl Stone Soup version 0.29.1-15-g9cfb28693d (webtiles) character file.

Game seed: 15183155620924761278

12 venomsnake the Trooper (level 2, -1/27 HPs)
             Began as a Minotaur Fighter on Mar 25, 2023.
             Slain by an iguana (5 damage)
             ... on level 4 of the Dungeon.
             The game lasted 00:00:47 (126 turns).

venomsnake the Trooper (Minotaur Fighter)            Turns: 126, Time: 00:00:47

Health: -1/27      AC:  7    Str: 20    XL:     2   Next: 20%
Magic:  1/1        EV:  9    Int:  5    God:
Gold:   7          SH:  4    Dex:  9    Spells: 1/1 levels left

rFire   . . .      SeeInvis .   a - +0 trident
rCold   . . .      Faith    .   c - +0 buckler
rNeg    . . .      Spirit   .   b - +0 scale mail
rPois   .          Reflect  .   (helmet restricted)
rElec   .          Harm     .   (no cloak)
rCorr   .          Rampage  .   (no gloves)
Will    .....                   (no boots)
Stlth   ..........              (no amulet)
HPRegen 0.09/turn               (no ring)
MPRegen 0.07/turn               (no ring)

@: no status effects
A: horns 2, retaliatory headbutt
a: no special abilities


You were on level 4 of the Dungeon.
You visited 1 branch of the dungeon, and saw 4 of its levels.

You collected 7 gold pieces.

Inventory:

Hand Weapons
 a - a +0 trident (weapon)
Armour
 b - a +0 scale mail (worn)
 c - a +0 buckler (worn)
Scrolls
 e - a scroll of teleportation {unknown}
 f - a scroll of vulnerability {unknown}
 g - 3 scrolls of poison {unknown}
Potions
 d - a potion of might


   Skills:
 + Level 3.8 Fighting
 + Level 2.8 Polearms
 + Level 3.8 Armour
 + Level 3.8 Shields


You had one spell level left.
You didn't know any spells.
Your spell library was empty.

Dungeon Overview and Level Annotations

Branches:
Dungeon (4/15)
 Temple: D:4-7

Altars:
Nemelex Xobeh


Innate Abilities, Weirdness & Mutations

You have a pair of horns on your head.
You reflexively headbutt those who attack you in melee.


Message History

You hit the adder.
You kill the adder!
You feel sick. The hound bites you but does no damage.
The hound closely misses you. You furiously retaliate!
You headbutt the hound!
You have reached level 2!
You feel sick. The hound closely misses you. The hound barely misses you.
The adder barely misses you.
You closely miss the hound.
The hound is severely wounded.
You feel sick.
You are no longer poisoned.
The hound closely misses you. The adder barely misses you.
You furiously retaliate!
You headbutt the adder! The hound bites you.
* * * LOW HITPOINT WARNING * * *
You closely miss the hound.
The hound is severely wounded.
The adder bites you but does no damage.
The iguana bites you but does no damage.
The hound bites you but does no damage.
An endoplasm comes into view.
You block the adder's attack.
You closely miss the hound.
The endoplasm quivers.
Your headbutt misses the hound.
The hound is severely wounded.
The hound barely misses you. You furiously retaliate!
You headbutt the hound. You block the iguana's attack.
The adder completely misses you. The hound closely misses you.
You hear a distant slurping noise.
The iguana closely misses you.
You hit the hound.
The hound is almost dead.
The hound bites you.
* * * LOW HITPOINT WARNING * * *
The adder bites you but does no damage. The hound bites you but does no damage.
The iguana closely misses you. The adder bites you but does no damage.
You hit the hound.
You kill the hound!
The adder bites you but does no damage. The iguana bites you.
You die...

##...##.8.#.☼.§
###.###...#....
#######...#####
#######'''#####
#.
#.##...#..###...
#...............
######..........
#.......S......
...##...@..#....
# #.##.l.J....
... #........
...## #.#......
... #...[.... ..
###...... ....$.
.....


You could see an iguana, an adder and an endoplasm.

Vanquished Creatures
  A hound (D:4)
  An adder (D:4)
  An endoplasm (D:4)
  A kobold (D:2)
  A rat (D:1)
5 creatures vanquished.

Notes
Turn   | Place    | Note
-------+----------+-------------------------------------------
     0 | D:1      | venomsnake the Minotaur Fighter began the quest for the
                  | Orb.
     0 | D:1      | Reached XP level 1. HP: 19/19 MP: 0/0
   105 | D:4      | Found a sparkling altar of Nemelex Xobeh.
   113 | D:4      | Noticed a hound
   117 | D:4      | Noticed an iguana
   121 | D:4      | Reached XP level 2. HP: 11/27 MP: 1/1
   126 | D:4      | Slain by an iguana

Illustrated notes

Levels and vault maps discovered:
D:1:      dpeg_arrival_three_same_balls, layout_basic
D:2:      layout_rooms, basic_altar, chequers_ecumenical_altar_simple,
          serial_shops, nicolae_shop_statue_plus, grunt_ministairs_4
D:3:      layout_loops_ring, grunt_temple_overflow_gold_and_silver,
          fedhas_altar_fruit_tree, mainiacjoe_overflow_paths
D:4:      layout_rooms, nemelex_altar_shiori, minmay_temple_entry_mist

Action                   || total
-------------------------++-------
Melee: Trident           ||    16
       Headbutt          ||     3
Armor: Scale mail        ||    12
Dodge: Dodged            ||    15
Block: Buckler           ||     4
